 Dungeon Crawl Stone Soup version 0.29.1-1-gd02db6906a (webtiles) character file.

Game seed: 14231819778429175010

285 MisterFreud the Twirler (level 6, 0/48 HPs)
             Began as a Formicid Gladiator on Oct 3, 2022.
             Slain by a gnoll
             ... wielding a +0 spear
             ... led by a gnoll bouda
              (2 damage)
             ... on level 4 of the Dungeon.
             The game lasted 00:06:38 (4085 turns).

MisterFreud the Twirler (Formicid Gladiator)        Turns: 4085, Time: 00:06:39

Health: 0/48       AC:  4    Str: 20    XL:     6   Next: 55%
Magic:  6/6        EV: 13    Int:  8    God:
Gold:   192        SH:  0    Dex: 22    Spells: 5/5 levels left

rFire   . . .      SeeInvis +   o - +7 mace of Acoaj {vorpal, rN+ Dex+7 Stlth-}
rCold   . . .      Faith    .   (no shield)
rNeg    + . .      Spirit   .   b - +0 leather armour
rPois   .          Reflect  .   (helmet unavailable)
rElec   .          Harm     .   (no cloak)
rCorr   .          Rampage  .   m - +0 pair of gloves {Stlth+}
Will    .....                   (no boots)
Stlth   ++........              (no amulet)
HPRegen 0.16/turn               (no ring)
MPRegen 0.10/turn               (no ring)

@: weakened
A: permanent stasis, dig shafts and tunnels, antennae 3, four strong arms
a: Dig, Shaft Self


You were on level 4 of the Dungeon.
You visited 1 branch of the dungeon, and saw 4 of its levels.

You collected 192 gold pieces.

Inventory:

Hand Weapons
 a - a +0 quarterstaff
 o - the +7 mace of Acoaj (weapon) {vorpal, rN+ Dex+7 Stlth-}
   (You found it on level 2 of the Dungeon)

   It inflicts extra damage upon your enemies.
   Dex:       It affects your dexterity (+7).
   rN:        It protects you from negative energy.
   Stlth:     It makes you less stealthy.
Missiles
 c - 5 throwing nets
 d - a javelin
 f - 3 poisoned darts
 l - 6 boomerangs (quivered)
Armour
 b - a +0 leather armour (worn)
 m - a +0 pair of gloves of stealth (worn)
Jewellery
 j - a +4 ring of protection
 s - an amulet of reflection
Wands
 t - a wand of iceblast (6)
 u - a wand of flame (18)
Scrolls
 g - a scroll of poison
Potions
 e - 2 potions of curing
 h - 3 potions of heal wounds
 i - a potion of ambrosia
 k - a potion of resistance
 n - a potion of might
 p - a potion of attraction
 q - a potion of degeneration {unknown}
 r - a potion of haste {unknown}
 w - a potion of berserk rage {unknown}


   Skills:
 + Level 4.0 Fighting
 - Level 6.1 Staves
 - Level 2.0 Throwing
 - Level 2.6 Dodging


You had 5 spell levels left.
You didn't know any spells.
Your spell library contained the following spells:

 Spells                   Type           Power      Damage    Failure   Level
 Ensorcelled Hibernation  Hex/Ice        0%         N/A       61%         2
 Passwall                 Tmut/Erth      0%         N/A       61%         2
 Swiftness                Air            Unusable   N/A       N/A         3

Dungeon Overview and Level Annotations

Branches:
Dungeon (4/15)
 Temple: D:4-7

Altars:
Dithmenos
Fedhas
Makhleb


Innate Abilities, Weirdness & Mutations

You cannot be hasted, slowed, berserked, paralysed or teleported.
You can dig through walls and to a lower floor.
You have a pair of large antennae on your head. (SInv)
Your four strong arms can wield two-handed weapons with a shield.


Message History

The gnoll bouda barks out a call to the hunt!
The gnolls pick up the pace!
A gnoll comes into view. It is wielding a +0 spear.
The gnoll bouda gazes fiercely through you!
You feel your attacks grow feeble.
You sock the gnoll!
The gnoll is almost dead.
The gnoll hits you with a +0 club. The gnoll barely misses you.
You hit the gnoll.
You kill the gnoll!
The gnoll hits you from afar with a +0 halberd!
The gnoll misses you.
You barely miss the gnoll.
Your attacks no longer feel as feeble.
The gnoll closely misses you. The gnoll hits you with a +0 club.
You hit the gnoll.
The gnoll is moderately wounded.
The gnoll hits you from afar with a +0 halberd.
The gnoll hits you with a +0 club.
You sock the gnoll!
You kill the gnoll!
The gnoll hits you from afar with a +0 halberd!
* * * LOW HITPOINT WARNING * * *
The gnoll bouda gazes fiercely through you!
You feel your attacks grow feeble. The gnoll closely misses you.
Your Fighting skill increases to level 4!
Unknown command.
Unknown command.
Unknown command.
Unknown command.
Are you sure you want to shaft yourself?
The gnoll hits you from afar with a +0 spear.
* * * LOW HITPOINT WARNING * * *
The gnoll hits you from afar with a +0 halberd.
* * * LOW HITPOINT WARNING * * *
The gnoll bouda barely misses you.
You begin to dig a shaft.
You continue digging a shaft.
The gnoll hits you from afar with a +0 spear.
You die...

....######....#.#.#.....#.....
.................[......#.....
....#######..##.........##....
.....###................##....
.............##.........##....
........................##....
............##.............#.#
...........g##.......##.##.#..
...........gg@................
..#.......#####.#.#...#.##....
....$.....# #.)........#####
..........# #.#)#...........
...#####.## ##.#.........###.
... .....# #......##......#.
.. .....#####......##...##.#.
).........................
.....###........###.###.##


You could see a gnoll bouda and 2 gnolls.

Vanquished Creatures
  A howler monkey (D:3)
  Ijyb (D:3)
  An orc wizard (D:4)
  5 gnolls
  3 adders
  2 worms
  A dart slug (D:3)
  5 orcs (D:4)
  10 ball pythons
  6 bats
  6 endoplasms
  13 giant cockroaches
  9 goblins
  3 hobgoblins
  10 jackals
  A quokka (D:2)
  4 frilled lizards
  3 kobolds
  5 rats
89 creatures vanquished.

Vanquished Creatures (others)
  An orc wizard (D:4)
1 creature vanquished.

Grand Total: 90 creatures vanquished

Notes
Turn   | Place    | Note
-------+----------+-------------------------------------------
     0 | D:1      | MisterFreud the Formicid Gladiator began the quest for the
                  | Orb.
     0 | D:1      | Reached XP level 1. HP: 16/16 MP: 1/1
   253 | D:1      | Reached XP level 2. HP: 17/22 MP: 2/2
   610 | D:1      | Found a faded altar of an unknown god.
   622 | D:1      | Reached skill level 4 in Staves
   622 | D:1      | Reached XP level 3. HP: 27/27 MP: 3/3
  1334 | D:2      | Reached XP level 4. HP: 33/33 MP: 4/4
  1880 | D:2      | Reached skill level 5 in Staves
  1939 | D:2      | Identified the +7 mace of Acoaj {vorpal, rN+ Dex+7 Stlth-}
  2549 | D:3      | Reached XP level 5. HP: 38/38 MP: 5/5
  2873 | D:3      | Found a blossoming altar of Fedhas.
  2873 | D:3      | Found a shadowy altar of Dithmenos.
  2909 | D:3      | Reached skill level 6 in Staves
  3076 | D:3      | Noticed Ijyb
  3087 | D:3      | Killed Ijyb
  3088 | D:3      | Reached XP level 6. HP: 16/46 MP: 6/6
  3553 | D:3      | Found a burning altar of Makhleb.
  4084 | D:4      | HP: 2/48 [gnoll/+0 halberd[a gnoll bouda] (6)]
  4085 | D:4      | Slain by a gnoll

Illustrated notes

Levels and vault maps discovered:
D:1:      nzn_arrival_settlement, layout_rooms,
          nicolae_ecumenical_snake_handling, chequers_decorated_corner,
          minmay_misc_feat_chi
D:2:      minmay_roachtagon, layout_basic, eino_tiny_chamber, minmay_cupped
D:3:      layout_loops_ring, lightli_temple_of_fire, jmf_multi_god_temple,
          uniq_ijyb
D:4:      layout_basic, nicolae_qazlal_style_of_elements

Skill      XL: |  1  2  3  4  5  6 |
---------------+-------------------+-----
Staves         | 4 5 6 |  6.1
Fighting       | 4 |  4.0
Throwing       | |  2.0
Dodging        | |  2.6

Action                   |  1- 3 |  4- 6 || total
-------------------------+-------+-------++-------
Melee: Quarterstaff      |    79 |    67 ||   146
       Mace              |       |    70 ||    70
Throw: Boomerang         |       |     5 ||     5
 Abil: Shaft Self        |       |     1 ||     1
  Use: Scroll            |     4 |     9 ||    13
 Stab: Sleeping          |       |     3 ||     3
Armor: Leather armour    |    29 |    59 ||    88
Dodge: Dodged            |    62 |   125 ||   187
